 Dungeon Crawl Stone Soup version 0.31-a0-1074-g0b22e4e0f1 (webtiles) character file.

Game seed: 8725345901136954433

1471768 Lobster4 the Axe Maniac (level 27, 256/256 HPs)
             Began as a Hill Orc Fire Elementalist on Nov 25, 2023.
             Was the Champion of Nemelex Xobeh.
             Escaped with the Orb
             ... and 3 runes on Nov 26, 2023!
             The game lasted 07:25:54 (96541 turns).

Lobster4 the Axe Maniac (HOFE)                     Turns: 96541, Time: 07:25:55

Health: 256/256    AC: 23    Str: 17      XL:     27
Magic:  27/27      EV: 14    Int: 34      God:    Nemelex Xobeh [******]
Gold:   2710       SH: 15    Dex: 12 (13) Spells: 12/50 levels left

rFire   + + +        b - +8 broad axe of Certain Death {speed, *Slow rF+ rN+++ Int+5}
rCold   + + +        a - +5 kite shield {rF+}
rNeg    + + +        g - +5 ring mail of the Blizzard {Drain Regen+ rCorr SInv}
rPois   +            R - +3 crown of Dyrovepreva {rElec Int+2 SInv}
rElec   +            P - +2 cloak {Will+}
rCorr   +            u - +2 pair of gloves of Sharp Music {rPois rF- rC+++ Stlth-}
SInv    +            h - +2 pair of boots
Will    +++..        F - amulet of Vitality {RegenMP++ Regen++} Stlth
                     Q - ring of Suspicion {rF+ Int+6 Slay+3}
HPRegen 3.02/turn    j - ring of Xom's Flight of Fancy {rF+ rC++ Dex+2}
MPRegen 1.00/turn

%: random rage (3%), slow self (1%)
@: hasted, very quick
A: berserk 1, deformed body, deterioration 1, low MP 3, passive freeze, weak 1,
subdued magic 3, inability to drink after injury 2
0: Orb of Zot
}: 3/15 runes: serpentine, barnacled, silver
a: Renounce Religion, Draw Escape, Draw Destruction, Draw Summoning, Triple
Draw, Deal Four, Stack Five


You escaped.
You worshipped Nemelex Xobeh.
Nemelex Xobeh was exalted by your worship.
You visited 13 branches of the dungeon, and saw 53 of its levels.
You visited 1 bazaar.
You also visited: Ice Cave and Wizlab.

You collected 6883 gold pieces.
You spent 4173 gold pieces at shops.

Inventory:

Hand Weapons
 b - the +8 broad axe of Certain Death (weapon) {speed, *Slow rF+ rN+++ Int+5}
   (You took it off a minotaur on level 1 of the Depths)

   Int+5:     It affects your intelligence (+5).
   rF+:       It protects you from fire.
   rN+++:     It renders you almost immune to negative energy.
   *Slow:     It may slow you when you take damage.
 m - a +6 broad axe of freezing
 o - the +8 frozen axe "Frostbite" {freeze, freezing cloud, *Noise Fly rC+}
   (You found it in an ice cave)

   rC+:       It protects you from cold.
   Fly:       It grants you flight.
   *Noise:    It may make a loud noise when swung.
 O - a +3 broad axe of flaming
Armour
 a - a +5 kite shield of fire resistance (worn)
 g - the +5 ring mail of the Blizzard (worn) {Drain Regen+ rCorr SInv}
   (You bought it in a shop on level 8 of the Dungeon)

   SInv:      It lets you see invisible.
   Regen+:    It increases your rate of health regeneration.
   rCorr:     It protects you from acid and corrosion.
   Drain:     It drains your maximum health when unequipped.
 h - a +2 pair of boots (worn)
 u - the +2 pair of gloves of Sharp Music (worn) {rPois rF- rC+++ Stlth-}
   (You found it in a wizard's laboratory)

   rF-:       It makes you vulnerable to fire.
   rC+++:     It renders you almost immune to cold.
   rPois:     It protects you from poison Stlth-: It makes you less stealthy.
 P - a +2 cloak of willpower (worn)
 R - the +3 crown of Dyrovepreva (worn) {rElec Int+2 SInv}
   (You found it on level 8 of the Dungeon)

   Int+2:     It affects your intelligence (+2).
   rElec:     It insulates you from electricity.
   SInv:      It lets you see invisible.
Jewellery
 i - a ring of resist corrosion
 j - the ring of Xom's Flight of Fancy (right hand) {rF+ rC++ Dex+2}
   (You acquired it on level 8 of the Dungeon)

   [ring of protection from fire]

   Dex+2:     It affects your dexterity (+2).
   rF+:       It protects you from fire.
   rC++:      It greatly protects you from cold.
 E - an amulet of reflection
 F - the amulet of Vitality (around neck) {RegenMP++ Regen++}
   (You bought it in a shop on level 2 of the Orcish Mines)

   [amulet of magic regeneration]

   RegenMP:   It increases your rate of magic regeneration.
   Regen++:   It increases your rate of health regeneration.
 J - the ring of Kiryv {Will+ Dex+6}
   (You found it on level 7 of the Dungeon)

   [ring of dexterity]

   Dex+6:     It affects your dexterity (+6).
   Will+:     It increases your willpower.
 K - the ring of the Vendetta {+Blink rPois rN+ Dex+4 SInv}
   (You found it on level 3 of the Elven Halls)

   [ring of positive energy]

   Dex+4:     It affects your dexterity (+4).
   rPois:     It protects you from poison rN+: It protects you from negative
   energy.
   SInv:      It lets you see invisible.
   +Blink:    It lets you blink.
 Q - the ring of Suspicion (left hand) {rF+ Int+6 Slay+3}
   (You found it on level 12 of the Dungeon)

   [ring of intelligence]

   Int+6:     It affects your intelligence (+6).
   Slay+3:    It affects your accuracy & damage with ranged weapons and melee
   (+3).
   rF+:       It protects you from fire.
 V - a ring of flight
Wands
 d - a wand of digging (8)
 G - a wand of acid (20)
 M - a wand of mindburst (24)
 N - a wand of roots (29)
Scrolls
 c - 4 scrolls of immolation
 e - 5 scrolls of butterflies
 r - a scroll of enchant armour
 s - 14 scrolls of teleportation
 t - 3 scrolls of enchant weapon
 w - 5 scrolls of amnesia
 y - 8 scrolls of fear
 C - 7 scrolls of fog
 D - 12 scrolls of poison
 I - 2 scrolls of revelation
 Z - 2 scrolls of silence
Potions
 f - 7 potions of resistance
 k - a potion of magic
 n - 8 potions of invisibility
 p - 5 potions of brilliance
 z - 10 potions of lignification
 A - 11 potions of enlightenment
 H - 6 potions of ambrosia
 W - 18 potions of curing
 X - 7 potions of heal wounds
 Y - 10 potions of haste
Miscellaneous
 l - a phantom mirror
 q - a condenser vane
 x - a lightning rod (4/4)
 L - a sack of spiders
 S - a phial of floods


   Skills:
 + Level 22.4 Fighting
 O Level 27 Axes
 - Level 12.0 Armour
 - Level 12.0 Dodging
 - Level 1.5 Stealth
 - Level 7.0 Shields
 - Level 12.0 Spellcasting
 - Level 15.0 Conjurations
 - Level 1.0 Transmutations
 O Level 27 Fire Magic
 - Level 12.0 Air Magic
 - Level 6.0 Earth Magic
 - Level 20.0 Invocations
 - Level 5.0 Evocations


You had 12 spell levels left.
You knew the following spells:

 Your Spells              Type           Power      Damage    Failure   Level
a - Foxfire               Conj/Fire      100%       2x1d9     0%          1
b - Scorch                Fire           100%       2d9       0%          2
c - Fireball              Conj/Fire      36%        3d15      0%          5
d - Stone Arrow           Conj/Erth      96%        3d13      1%          3
e - Flame Wave            Conj/Fire      72%        2d16      0%          4
f - Sticky Flame          Conj/Fire      72%        2d9       0%          4
g - Plasma Beam           Fire/Air       34%        2x1d47    1%          6
h - Starburst             Conj/Fire      36%        6d11      1%          6
i - Brom's Barrelling Bo  Conj/Erth      48%        2d7       1%          4
j - Sandblast             Erth           64%        2d14      1%          1
p - Passwall              Tmut/Erth      19%        N/A       1%          2

Your spell library contained the following spells:

 Spells                   Type           Power      Damage    Failure   Level
 Magic Dart               Conj           100%       1d8       0%          1
 Shock                    Conj/Air       100%       1d9       0%          1
 Searing Ray              Conj           100%       2d8       0%          2
 Inner Flame              Hex/Fire       56%        N/A       0%          3
 Volatile Blastmotes      Fire/Tloc      100%       2d18      0%          3
 Cigotuvi's Dreadful Rot  Necr/Pois/Air  50%        N/A       1%          2
 Momentum Strike          Conj/Tloc      74%        3d10      1%          2
 Poisonous Vapours        Pois/Air       64%        N/A       1%          2
 Dazzling Flash           Conj/Hex       74%        N/A       1%          3
 Hailstorm                Conj/Ice       37%        3d9       1%          3
 Ignite Poison            Fire/Tmut/Pois 44%        N/A       1%          3
 Swiftness                Air            52%        N/A       1%          3
 Airstrike                Air            26%        2d(4-20)  1%          4
 Fulminant Prism          Conj/Hex       18%        3d10      1%          4
 Iskenderun's Mystic Bla  Conj/Tloc      37%        2d9       1%          4
 Arcjolt                  Conj/Air       28%        1d38      1%          5
 Iskenderun's Battlesphe  Conj           59%        2d11      1%          5
 Conjure Ball Lightning   Conj/Air       28%        3x3d8     1%          6
 Sting                    Tmut/Pois      48%        1d5       2%          1
 Freezing Cloud           Conj/Ice/Air   21%        6-21      2%          5
 Apportation              Tloc           20%        N/A       3%          1
 Freeze                   Ice            40%        1d6       3%          1
 Necrotise                Necr           40%        1d6       3%          1
 Slow                     Hex            40%        N/A       3%          1
 Summon Small Mammal      Summ           40%        N/A       3%          1
 Wereblood                Tmut           14%        N/A       3%          2
 Vhi's Electric Charge    Tloc/Air       64%        N/A       3%          4
 Irradiate                Conj/Tmut      19%        3d18      4%          5
 Blink                    Tloc           20%        N/A       6%          2
 Ensorcelled Hibernation  Hex/Ice        20%        N/A       6%          2
 Jinxbite                 Hex            20%        N/A       6%          2
 Lesser Beckoning         Tloc           20%        N/A       6%          2
 Sublimation of Blood     Necr           10%        N/A       6%          2
 Orb of Destruction       Conj           29%        9d9       8%          7
 Bombard                  Conj/Erth      24%        9d5       9%          6
 Silence                  Hex/Air        16%        N/A       11%         5
 Animate Armour           Summ/Erth      42%        N/A       13%         4
 Call Canine Familiar     Summ           10%        N/A       14%         3
 Confusing Touch          Hex            10%        N/A       14%         3
 Frozen Ramparts          Ice            20%        1d4       14%         3
 Gell's Gravitas          Tloc           10%        N/A       14%         3
 Sigil of Binding         Hex            10%        N/A       14%         3
 Summon Guardian Golem    Hex/Summ       10%        N/A       14%         3
 Teleport Other           Tloc           10%        N/A       14%         3
 Vampiric Draining        Necr           10%        2d6       14%         3
 Anguish                  Hex/Necr       5%         N/A       47%         4
 Animate Dead             Necr           10%        N/A       47%         4
 Dimensional Bullseye     Hex/Tloc       5%         N/A       47%         4
 Dispel Undead            Necr           10%        3d9       47%         4
 Manifold Assault         Tloc           10%        N/A       47%         4
 Olgreb's Toxic Radiance  Pois           10%        N/A       47%         4
 Summon Ice Beast         Ice/Summ       10%        N/A       47%         4
 Alistair's Intoxication  Tmut/Pois      8%         N/A       78%         5
 Yara's Violent Unravell  Hex/Tmut       6%         3d5       78%         5
 Metabolic Englaciation   Hex/Ice        5%         N/A       85%         5
 Summon Forest            Summ/Tloc      5%         N/A       85%         5
 Summon Mana Viper        Hex/Summ       10%        N/A       85%         5
 Spellforged Servitor     Conj/Summ      18%        N/A       93%         7
 Maxwell's Capacitive Co  Air            26%        ∞         96%         8
 Lehudib's Crystal Spear  Conj/Erth      24%        10d7      99%         8
 Death Channel            Necr           5%         N/A       100%        6
 Dispersal                Tloc           5%         N/A       100%        6
 Eringya's Noxious Bog    Tmut/Pois      6%         4d6       100%        6
 Simulacrum               Ice/Necr       5%         N/A       100%        6
 Summon Cactus Giant      Summ           5%         N/A       100%        6
 Enfeeble                 Hex            5%         N/A       100%        7
 Haunt                    Necr/Summ      5%         N/A       100%        7
 Monstrous Menagerie      Summ           5%         N/A       100%        7
 Ozocubu's Refrigeration  Ice            5%         4d8       100%        7
 Summon Hydra             Summ           5%         N/A       100%        7
 Disjunction              Tloc           5%         N/A       100%        8
 Infestation              Necr           5%         N/A       100%        8
 Chain Lightning          Conj/Air       28%        3d37      100%        9
 Death's Door             Necr           5%         N/A       100%        9
 Polar Vortex             Ice            5%         N/A       100%        9


Dungeon Overview and Level Annotations

Branches:
Dungeon (15/15)            Temple (1/1) D:6            Lair (5/5) D:9
 Shoals (4/4) Lair:3        Snake (4/4) Lair:2        Slime (1/5) Lair:5
    Orc (2/2) D:9             Elf (3/3) Orc:2        Vaults (5/5) D:13
  Crypt (3/3) Vaults:2       Tomb (1/3) Crypt:3      Depths (4/4) D:15
    Zot (5/5) Depths:4      IceCv (visited)          WizLab (visited)

Altars:
Ashenzari
Cheibriados
Dithmenos
Elyvilon
Fedhas
Gozag
Hepliaklqana
Kikubaaqudgha
Makhleb
Nemelex Xobeh
Okawaru
Qazlal
Ru
Sif Muna
Trog
Uskayaw
Vehumet
Wu Jian
Xom
Yredelemnul
Zin
The Shining One
Lugonu

Shops:
D:8 [(   Orc:1 (   Orc:2 !*=?   Shoals:1 !   Snake:1 (   Vaults:1 *
Vaults:2 (   Vaults:3 (   Vaults:4 =

Portals:
Hell: Depths:1 Depths:2 Depths:3 Depths:4
Abyss: Depths:3
Pandemonium: Depths:2 Depths:4
Ziggurat: Depths:4

Annotations:
D:11 3 transporters


Innate Abilities, Weirdness & Mutations

You sometimes lose your temper in combat.
Armour fits poorly on your strangely shaped body.
Your body sometimes deteriorates upon taking damage.
Your magical capacity is extremely low. (-30% MP)
A frigid envelope surrounds you and freezes all who hurt you.
You are weak. (Str -2)
Your spells are much easier to cast, but much less powerful.
You sometimes lose the ability to drink potions when taking damage.


Message History

Casting: Plasma Beam (safe; 1% risk of failure)
Press: ? - help, Dir - look around, f - activate The bolt of lightning hits the reaper!!
The reaper is heavily wounded.
The fiery plasma hits the reaper!!!
You kill the reaper!
A green death comes into view.
There is a stone staircase leading up here.
You climb upwards.
There is a stone staircase leading down here.
There is a stone staircase leading up here.
You climb upwards.
There is a stone staircase leading down here.
There is a stone staircase leading up here.
You climb upwards.
There is a stone staircase leading down here.
Aiming: Dig
Press: ? - help, Shift-Dir - straight line This square is covered in magical glow.
The rock shatters into small pieces.
Aiming: Dig
Press: ? - help, Shift-Dir - straight line A rock wall.
This square is covered in magical glow.
The rock shatters into small pieces.
There is a stone staircase leading up here.
You climb upwards.
There is a stone staircase leading down here.
Aiming: Dig
Press: ? - help, Shift-Dir - straight line A rock wall.
This square is covered in magical glow.
The rock shatters into small pieces.
There is a stone staircase leading up here.
You climb upwards.
There is a stone staircase leading down here.
You feel yourself speed up.
There is an open door here.
There is a staircase leading out of the dungeon here.
You have escaped!

#....############.#...........
#..### #.#####....... #..# #.#
#######. #..# #.# #.....
#..#### #.# #.#### #.....# #.#
#.# #. ##.##.# ### #.# #.
#.##.# ♣♣♣♣♣♣♣♣♣♣♣##.# #.
#.##.# ♣@.........'..# #.
#.##.# ♣...♣♣♣♣♣.♣#..###.
##.##.# ♣....♣P♣♣.♣##.....
##...#.# ♣.♣....P♣.♣ #####.
##......######♣.♣P.⌠....♣ #.
#.....(.##...#♣.♣♣....♣♣♣ #.
#............#♣.♣PP..♣♣
######. #.......######♣.♣♣♣.♣♣
#...... ##......# ♣....P♣
######.


There were no monsters in sight!

Vanquished Creatures
  2 dread liches (Zot:5)
  3 ancient liches
  10 orbs of fire
  2 royal mummies (Tomb:1)
  Sojobo (Depths:1)
  Bai Suzhen (Crypt:2)
  Parghit (Zot:3)
  3 curse toes
  2 Killer Klowns (Zot:5)
  Nikola (Depths:1)
  10 golden dragons
  A bone dragon (Crypt:3)
  Jorgrun (Snake:3)
  3 electric golems
  20 tentacled monstrosities
  4 liches
  The ghost of Jewealli the Executioner, an adept HOFi of Gozag (Snake:3)
  A walking crystal tome (WizLab)
  25 Orb Guardians (Zot:5)
  6 quicksilver dragons
  A deep elf master archer (Elf:3)
  Asterion (Snake:3)
  5 titans
  13 sphinxes
  7 ancient champions
  14 death cobs
  An acid blob (Depths:4)
  Kirke (Shoals:2)
  Aizul (Snake:3)
  11 storm dragons
  14 shadow dragons
  Donald (Shoals:1)
  7 nagarajas (Snake:4)
  2 strange machines (WizLab)
  7 tengu reavers
  Ilsuiw (Shoals:4)
  An azure jelly (Vaults:4)
  9 fire giants
  14 draconian monks
  2 revenants
  2 deep elf sorcerers (Elf:3)
  A rockslime (Zot:2)
  2 iron dragons
  3 draconian knights
  An emperor scorpion (Vaults:5)
  6 draconian scorchers
  5 frost giants
  3 deep elf elementalists (Elf:3)
  17 vault wardens
  A caustic shrike zombie (Depths:3)
  3 ghost moths
  2 draconian shifters
  A curse skull (Vaults:2)
  2 draconian stormcallers
  17 ironbound preservers
  5 formless jellyfish
  5 ghouls
  A cacodemon (Depths:4)
  A spriggan defender (Depths:1)
  A quicksilver ooze (shapeshifter) (Vaults:5)
  28 very ugly things
  2 war gargoyles
  5 draconian annihilators
  11 stone giants
  3 reapers
  10 vampire knights
  9 ironbound thunderhulks
  A deep elf demonologist (Elf:3)
  20 green draconians
  An eleionoma (Vaults:4)
  A lorocyproca (Depths:2)
  4 dire elephants
  9 black draconians
  2 bennus (Tomb:1)
  11 deep elf annihilators
  10 yellow draconians
  The ghost of Elucviw the Protected, a journeyman MiFi of Ashenzari (Lair:2)
  10 white draconians
  10 purple draconians
  A bunyip (shapeshifter) (Vaults:5)
  A spark wasp (Depths:3)
  7 red draconians
  13 ettins
  4 spectral krakens (Shoals:4)
  Josephine (D:11)
  5 merfolk javelineers
  9 deep elf death magi
  2 eidola
  Snorg (D:10)
  7 mummy priests (Tomb:1)
  11 merfolk impalers
  8 fire dragons
  10 jiangshi
  10 yaktaur captains
  7 deep elf high priests
  5 great orbs of eyes
  A spriggan zombie (Crypt:3)
  2 entropy weavers
  13 ice dragons
  11 rakshasas
  15 anacondas
  2 ghost crabs (Shoals:4)
  5 hydras
  A salamander tyrant (Snake:3)
  38 vault guards
  Erica (D:9)
  2 sphinx zombies
  5 spriggan air magi
  A fenstrider witch skeleton (Tomb:1)
  5 ironbound frosthearts
  10 centaur warriors
  2 merfolk avatars
  2 hell beasts
  An alligator snapping turtle (Shoals:4)
  A peacekeeper (Vaults:4)
  3 catoblepae
  14 two-headed ogres
  6 merfolk aquamancers
  2 death knights
  3 satyrs
  3 boulder beetles
  18 naga warriors
  3 ogre magi
  8 deep troll shamans
  A sphinx skeleton (D:15)
  27 dancing weapons
  9 deep troll earth magi
  2 hell hogs (Depths:1)
  10 vampire magi
  Urug (D:11)
  2 titan zombies
  A demonic crawler (D:7)
  8 shock serpents
  7 tengu warriors
  22 death yaks
  9 naga sharpshooters
  4 orc high priests (Orc:2)
  A spriggan berserker (Depths:1)
  3 soul eaters
  27 hell knights
  13 deep elf knights
  2 skysharks
  6 iron trolls
  4 sun demons
  A fire crab (shapeshifter) (Vaults:5)
  2 shadow wraiths (Crypt:2)
  A sixfirhy (Depths:2)
  20 skeletal warriors
  A skyshark (shapeshifter) (Vaults:5)
  2 titan skeletons (Depths:3)
  2 salamander mystics
  4 death drakes (Depths:4)
  15 sea snakes
  45 deep trolls
  An anaconda zombie (Crypt:1)
  A bog body (Crypt:2)
  A kraken simulacrum (Shoals:4)
  6 flayed ghosts
  A tengu zombie (Vaults:4)
  13 naga ritualists
  2 swamp dragons
  Pikel (D:7)
  16 deep elf archers
  6 glowing orange brains
  15 ironbound convokers
  7 orc knights
  4 arcanists
  12 harpies
  9 phantasmal warriors
  12 necromancers
  9 lindwurms
  34 deep elf pyromancers
  22 mana vipers
  An alligator zombie (Crypt:1)
  21 deep elf zephyrmancers
  7 cyclopes
  A faun (shapeshifter) (Vaults:5)
  A faun (Shoals:4)
  4 orc sorcerers
  23 manticores
  29 ugly things
  2 iron dragon skeletons
  A cyclops (shapeshifter) (Vaults:5)
  A shining eye (Depths:3)
  A frost giant zombie (Vaults:2)
  Maurice (D:11)
  33 moths of wrath
  An alligator skeleton (Crypt:3)
  10 merfolk sirens
  15 salamanders
  15 guardian serpents
  A stone giant skeleton (Vaults:4)
  A frost giant skeleton (Depths:3)
  36 black mambas
  2 centaur zombies
  23 naga magi
  A rust devil (Depths:1)
  An eye of devastation (Vaults:5)
  11 elephants
  19 vault sentinels
  5 water nymphs
  13 cane toads
  An orange demon (Depths:4)
  3 kobold demonologists
  A smoke demon (Depths:1)
  A hellion (Depths:1)
  A minotaur zombie (Crypt:1)
  7 rime drakes
  A torpor snail (Lair:2)
  2 freezing wraiths
  A human zombie (Vaults:4)
  2 orb spider zombies (Crypt:1)
  4 unseen horrors
  A spectral sea snake (Shoals:4)
  13 komodo dragons
  26 yaktaurs
  A spectral merfolk (Shoals:4)
  3 ice devils
  A spectral water nymph (Shoals:4)
  6 tengu conjurers
  7 polar bears
  An elf skeleton (Vaults:2)
  A yaktaur skeleton (Vaults:2)
  A hydra zombie (Crypt:3)
  A green draconian skeleton (Crypt:1)
  15 guardian mummies
  3 hornets
  A minotaur skeleton (Crypt:3)
  9 trolls
  A hellwing (D:15)
  A harpy zombie (Crypt:3)
  5 wind drakes
  28 merfolk
  25 blink frogs
  A glass eye (Depths:1)
  2 spectral manticores (Shoals:4)
  A stone giant simulacrum (Vaults:4)
  11 snapping turtles
  10 dream sheep
  A centaur simulacrum (D:12)
  An ice dragon skeleton (Crypt:1)
  3 shadows
  7 ushabtiu (Tomb:1)
  17 water elementals
  A spriggan (Depths:1)
  A slime creature zombie (Crypt:3)
  11 wraiths
  28 slime creatures
  2 ynoxinuls
  3 fire elementals
  A wyvern (shapeshifter) (Elf:2)
  7 vampires
  20 flying skulls (Tomb:1)
  38 yaks
  An elf zombie (Vaults:2)
  4 hogs (Shoals:2)
  Grum (D:9)
  4 wyverns
  5 steam dragons
  4 basilisks
  2 redbacks (Vaults:3)
  Eustachio (D:6)
  9 vampire mosquitoes
  3 wargs
  44 nagas
  A water nymph zombie (Crypt:1)
  3 acid dragons
  A spectral snapping turtle (Shoals:4)
  15 water moccasins
  A fire bat skeleton (Crypt:2)
  23 orc warriors
  An ice beast (shapeshifter) (Vaults:5)
  2 glowing shapeshifter skeletons
  2 sky beasts
  6 black bears
  2 cane toad skeletons
  A black bear (shapeshifter) (Elf:3)
  22 ogres
  25 wolves
  4 centaurs
  An ettin simulacrum (Vaults:4)
  2 phantoms
  A lindwurm skeleton (Crypt:3)
  4 lemures
  A human skeleton (Vaults:4)
  2 kobold brigands (D:9)
  17 bullfrogs
  2 necrophages (Crypt:2)
  An earth elemental (Elf:3)
  5 gnoll sergeants
  A scorpion (D:6)
  18 wights
  A queen bee zombie (Crypt:3)
  8 killer bees
  5 howler monkeys
  8 electric eels
  Crazy Yiuf (D:2)
  5 hounds
  5 jellies
  A centaur skeleton (Crypt:2)
  29 orc priests
  A gnoll bouda (Orc:2)
  5 iguanas
  Natasha (thrice) (D:2)
  A sleepcap (D:4)
  35 orc wizards
  2 naga zombies
  A naga skeleton (Crypt:1)
  26 mummies
  24 gnolls
  13 adders
  2 shadow imps
  3 white imps
  A worm (D:5)
  3 dart slugs
  81 orcs
  A ball python (D:1)
  7 endoplasms
  3 giant cockroaches
  8 goblins
  2 hobgoblins
  2 quokkas (D:1)
  4 bats
  A dart slug zombie (Crypt:2)
  3 frilled lizards
  A giant cockroach zombie (Crypt:3)
  5 kobolds
  A quokka skeleton (Crypt:2)
  A rat (D:2)
  A river rat skeleton (Crypt:2)
  A river rat zombie (Crypt:2)
  7 tentacles (Shoals:4)
2316 creatures vanquished.

Vanquished Creatures (collateral kills)
  2 orbs of fire
  Mara (Depths:2)
  Vv (Crypt:3)
  A Killer Klown (Zot:5)
  Margery (Crypt:1)
  A golden dragon (Depths:4)
  Vashnia (Snake:4)
  A curse toe (Crypt:3)
  2 walking frostbound tomes (WizLab)
  Roxanne (D:15)
  A nagaraja (Snake:3)
  A draconian knight (Depths:4)
  A draconian monk (Depths:4)
  A deep elf sorcerer (Elf:3)
  A frost giant (IceCv)
  A vampire knight (Crypt:3)
  A deep elf annihilator (Elf:3)
  2 deep elf demonologists (Elf:3)
  A red draconian (Depths:4)
  A black draconian (Depths:4)
  3 purple draconians (Depths:4)
  A minotaur (Depths:1)
  A merfolk impaler (Shoals:4)
  A fire dragon (Shoals:4)
  A deep elf high priest (Elf:3)
  2 merfolk aquamancers
  A merfolk avatar (Shoals:4)
  7 dancing weapons
  A skyshark (Lair:5)
  A deep elf knight (Elf:2)
  3 skeletal warriors
  A lindwurm (Lair:5)
  A faun (Shoals:4)
  A large abomination (Zot:5)
  A manticore (Shoals:4)
  8 elephants
  The ghost of Dordric the Mimic, a novice OpSh (D:6)
  A naga mage (Snake:4)
  A guardian serpent (Snake:4)
  A smoke demon (Zot:5)
  A water nymph (Shoals:4)
  A polar bear (IceCv)
  3 guardian mummies (Crypt:3)
  A red devil (Zot:5)
  3 merfolk (Shoals:4)
  A snapping turtle (Shoals:1)
  A water elemental (Shoals:1)
  A fire elemental (Elf:2)
  A naga (Snake:3)
  2 water moccasins (Lair:2)
  2 mummies (Tomb:1)
  A bat (D:2)
  9 boulders (Elf:3)
  47 foxfires
135 creatures vanquished.

Vanquished Creatures (others)
  A tentacled monstrosity (Depths:3)
  A white draconian (Depths:4)
  A tengu warrior (Depths:1)
  A hell knight (Depths:1)
  3 deep elf knights
  A harpy (Shoals:4)
  2 ugly things (Depths:1)
  2 yaktaurs (Vaults:1)
  A human (Shoals:3)
  A jelly (D:7)
  44 boulders
  3903 foxfires
  A spectral weapon (Crypt:3)
  47 tentacles (Shoals:4)
4009 creatures vanquished.

Grand Total: 6460 creatures vanquished

Notes
Turn   | Place    | Note
-------+----------+-------------------------------------------
     0 | D:1      | Lobster4 the Hill Orc Fire Elementalist began the quest for
                  | the Orb.
     0 | D:1      | Reached XP level 1. HP: 14/14 MP: 3/3
   294 | D:1      | Reached XP level 2. HP: 22/22 MP: 2/4
   297 | D:1      | Learned a level 2 spell: Scorch
   942 | D:1      | Reached skill level 1 in Armour
  1225 | D:2      | Reached XP level 3. HP: 27/27 MP: 2/5
  1341 | D:2      | Found a shimmering altar of Xom.
  1399 | D:2      | Reached skill level 1 in Fighting
  1523 | D:2      | Found a runed translucent door.
  1524 | D:2      | Noticed Crazy Yiuf
  1899 | D:2      | Reached XP level 4. HP: 22/35 MP: 1/6
  1958 | D:2      | Noticed Natasha
  1963 | D:2      | Killed Natasha
  1964 | D:2      | Reached skill level 1 in Axes
  2202 | D:2      | Noticed Natasha
  2449 | D:2      | Killed Natasha
  2517 | D:2      | Found a shimmering altar of Xom.
  2562 | D:2      | Noticed Natasha
  2570 | D:2      | Killed Natasha
  2571 | D:2      | Reached skill level 1 in Evocations
  2571 | D:2      | Reached XP level 5. HP: 41/41 MP: 3/8
  2996 | D:2      | Found a runed translucent door.
  3916 | D:3      | Identified the +2 hand axe of Quantum Leap {freeze, rElec}
  4481 | D:4      | Found a broken altar of Ashenzari.
  4495 | D:4      | Found a glowing golden altar of the Shining One.
  4511 | D:4      | Found a shimmering blue altar of Sif Muna.
  4742 | D:4      | Found a shimmering altar of Xom.
  4746 | D:4      | Found a shimmering altar of Xom.
  4746 | D:4      | Found a shimmering altar of Xom.
  4746 | D:4      | Found a shimmering altar of Xom.
  4747 | D:4      | Found a shimmering altar of Xom.
  4760 | D:4      | Reached XP level 6. HP: 40/48 MP: 5/9
  4866 | D:4      | Found a shimmering altar of Xom.
  4866 | D:4      | Found a shimmering altar of Xom.
  5218 | D:5      | Entered Level 5 of the Dungeon
  6046 | D:5      | Reached XP level 7. HP: 55/55 MP: 5/10
  6410 | D:4      | Learned a level 1 spell: Sandblast
  6463 | D:5      | Identified the +4 falchion of Eternal Harmony {drain,
                  | Contam Drain rElec rPois}
  6791 | D:5      | Reached skill level 5 in Fire Magic
  6791 | D:5      | Reached skill level 1 in Earth Magic
  7485 | D:4      | Reached XP level 8. HP: 61/61 MP: 4/11
  8061 | D:6      | Found a staircase to the Ecumenical Temple.
  8070 | Temple   | Entered the Ecumenical Temple
  8079 | Temple   | Became a worshipper of Nemelex Xobeh the Trickster
  8102 | D:6      | Reached skill level 5 in Axes
  8273 | D:6      | Reached skill level 1 in Invocations
  8359 | D:6      | Noticed Edmund
  8363 | D:6      | Edmund changed into Edmund the hound
  8363 | D:6      | Noticed Edmund
  8366 | D:6      | Killed Edmund the hound
  9027 | D:6      | Noticed Eustachio
  9049 | D:6      | Killed Eustachio
  9050 | D:6      | Reached skill level 5 in Conjurations
  9164 | D:6      | Reached XP level 9. HP: 67/67 MP: 5/12
  9225 | D:6      | Found an ancient bone altar of Kikubaaqudgha.
  9435 | D:6      | Found a runed translucent door.
  9435 | D:6      | Noticed Dordric's ghost (novice OpSh)
  9675 | D:7      | Noticed a hornet
  9692 | D:7      | Killed a hornet
  9693 | D:7      | Reached skill level 5 in Invocations
 10484 | D:7      | Found a hazy altar of Hepliaklqana.
 10484 | D:7      | Noticed Pikel
 10753 | D:7      | Identified the ring of Kiryv {Will+ Dex+6}
 10888 | D:7      | Reached * piety under Nemelex Xobeh
 11053 | D:7      | Killed Pikel
 11151 | D:7      | Reached XP level 10. HP: 60/77 MP: 2/15
 11742 | D:8      | Noticed a +0 giant club
 11742 | D:8      | Noticed a +0 demon whip
 11742 | D:8      | Found Tocaocann's Weapon Emporium.
 12051 | D:8      | Identified a scroll of acquirement
 12242 | D:8      | Noticed a manticore
 12423 | D:2      | Killed Crazy Yiuf
 12795 | D:8      | Found Ichew's Armour Emporium.
 12924 | D:8      | Noticed a kobold demonologist
 12933 | D:8      | Killed a kobold demonologist
 13227 | D:8      | Reached skill level 5 in Fighting
 13287 | D:8      | Found the +3 crown of Dyrovepreva {rElec Int+2 SInv}
 13345 | D:8      | Killed a manticore
 13346 | D:8      | Reached skill level 5 in Armour
 13346 | D:8      | Reached XP level 11. HP: 54/86 MP: 8/17
 13525 | D:9      | Noticed Grum
 13525 | D:9      | Found a staircase to the Orcish Mines.
 13525 | D:9      | Found a blossoming altar of Fedhas.
 13538 | D:8      | Learned a level 4 spell: Flame Wave
 13542 | D:8      | Learned a level 3 spell: Stone Arrow
 13545 | D:8      | Learned a level 2 spell: Passwall
 13705 | D:9      | Noticed a death knight
 13890 | D:9      | HP: 4/88 [death knight/+1 glaive (14)]
 14480 | D:9      | Noticed a sixfirhy
 14729 | D:9      | Found a snail-covered altar of Cheibriados.
 15040 | Orc:1    | Entered Level 1 of the Orcish Mines
 15040 | Orc:1    | Received a gift from Nemelex Xobeh
 15098 | Orc:2    | Entered Level 2 of the Orcish Mines
 15731 | Orc:1    | Found Unikhiso's Weapon Emporium.
 15844 | Orc:1    | Noticed an orc knight
 15891 | Orc:2    | Noticed a cyclops
 15899 | Orc:2    | Killed a cyclops
 16337 | Orc:2    | Found a staircase to the Elven Halls.
 16469 | Orc:2    | Noticed an orc sorcerer
 16586 | Orc:2    | Killed an orc sorcerer
 16714 | Orc:2    | Noticed an orc high priest
 16742 | Orc:2    | Killed an orc high priest
 16929 | Orc:2    | Noticed an orc high priest
 16944 | Orc:2    | Killed an orc high priest
 17136 | Orc:2    | Reached XP level 12. HP: 77/97 MP: 1/19
 17242 | Orc:2    | Reached skill level 10 in Fire Magic
 17345 | Orc:2    | Noticed a soul eater
 17353 | Orc:2    | Reached skill level 10 in Invocations
 17506 | Orc:2    | Noticed an orc high priest
 17515 | Orc:2    | Killed an orc high priest
 17516 | Orc:2    | Reached skill level 5 in Earth Magic
 17755 | Orc:2    | Noticed an orc high priest
 17759 | Orc:2    | Killed an orc high priest
 18371 | Orc:2    | Found Kinnom's Jewellery Shop.
 18372 | Orc:2    | Found Veotuwya's Distillery.
 18373 | Orc:2    | Found Ganos's General Store.
 18377 | Orc:2    | Found Fokeeh's Magic Scroll Shop.
 18386 | Orc:2    | Bought a scroll of identify for 26 gold pieces
 18386 | Orc:2    | Bought a scroll of identify for 26 gold pieces
 18386 | Orc:2    | Bought a scroll of identify for 26 gold pieces
 19244 | Orc:1    | Reached ** piety under Nemelex Xobeh
 19460 | D:9      | Killed Grum
 19476 | D:9      | Noticed Erica
 19502 | D:9      | Killed Erica
 19712 | D:9      | Got the Codex of Tropical Topology
 19870 | D:9      | Found a hide-covered altar of Uskayaw.
 19938 | D:9      | Found a staircase to the Lair.
 19972 | Lair:1   | Entered Level 1 of the Lair of Beasts
 20122 | Lair:1   | Reached skill level 10 in Axes
 20331 | Lair:1   | Reached skill level 5 in Dodging
 20510 | Lair:1   | Received a gift from Nemelex Xobeh
 20704 | Lair:1   | Reached XP level 13. HP: 108/108 MP: 12/20
 21572 | Lair:2   | Reached skill level 1 in Transmutations
 21590 | Lair:2   | Reached skill level 1 in Shields
 21619 | Lair:2   | Reached skill level 10 in Conjurations
 21963 | Lair:2   | Reached *** piety under Nemelex Xobeh
 21970 | Lair:2   | HP: 4/111 [elephant (11)]
 22321 | Lair:2   | Learned a level 4 spell: Sticky Flame
 22400 | Lair:2   | Received a gift from Nemelex Xobeh
 22479 | Lair:2   | Found a runed translucent door.
 22479 | Lair:2   | Noticed Elucviw's ghost (journeyman MiFi)
 22634 | Lair:2   | Found a staircase to the Snake Pit.
 23592 | Orc:2    | Bought a potion of lignification for 42 gold pieces
 23592 | Orc:2    | Bought a potion of curing for 42 gold pieces
 23592 | Orc:2    | Bought a potion of heal wounds for 70 gold pieces
 23592 | Orc:2    | Bought a potion of haste for 140 gold pieces
 24138 | Lair:3   | Found an opulent altar of Gozag.
 25085 | Lair:3   | Found a staircase to the Shoals.
 25470 | Lair:3   | Received a gift from Nemelex Xobeh
 25651 | D:9      | Identified the +0 plate armour of Mugeihya {Stlth+}
 25723 | Orc:2    | Bought a +0 buckler for 54 gold pieces
 26142 | Lair:4   | Reached XP level 14. HP: 106/119 MP: 4/22
 26271 | Lair:4   | Reached skill level 10 in Fighting
 26299 | Lair:4   | Found a frozen archway.
 26313 | IceCv    | Entered an ice cave
 26950 | IceCv    | Noticed a frost giant
 26982 | IceCv    | Killed a frost giant
 27161 | IceCv    | Reached **** piety under Nemelex Xobeh
 27177 | IceCv    | Reached skill level 5 in Shields
 27869 | IceCv    | Found the +8 frozen axe "Frostbite" {freeze, freezing
                  | cloud, *Noise Fly rC+}
 28392 | Lair:4   | Received a gift from Nemelex Xobeh
 28518 | Lair:4   | Reached skill level 5 in Spellcasting
 29296 | Lair:5   | Entered Level 5 of the Lair of Beasts
 30465 | Lair:5   | Reached XP level 15. HP: 109/126 MP: 18/23
 31277 | Lair:5   | Found a staircase to the Slime Pits.
 31301 | Lair:5   | Reached ***** piety under Nemelex Xobeh
 31609 | Lair:5   | Received a gift from Nemelex Xobeh
 31901 | Lair:5   | Got the Handbook of Teratogeny
 32080 | D:9      | Found a sacrificial altar of Ru.
 32562 | D:10     | Entered Level 10 of the Dungeon
 34179 | D:10     | Found the +5 Lochaber axe {reach-cleave, Poleaxe Drain}
 34495 | D:11     | Noticed Snorg
 34506 | D:10     | Killed Snorg
 34725 | D:11     | Received a gift from Nemelex Xobeh
 34777 | D:11     | Found a transporter.
 34795 | D:11     | Noticed Josephine
 34809 | D:11     | Killed Josephine
 35049 | D:11     | Found a transporter.
 35053 | D:11     | Found a transporter.
 35144 | D:11     | Noticed Maurice
 35292 | D:11     | Noticed Urug
 35301 | D:11     | Killed Urug
 35473 | D:11     | Reached skill level 15 in Axes
 35725 | D:12     | Received a gift from Nemelex Xobeh
 37344 | D:12     | You fall into a shaft and drop 1 floor!
 37692 | D:12     | Identified the +0 hand axe of Nightmares {protect, rPois
                  | Str+2}
 37966 | D:12     | Identified the amulet "Ocun" {Drain rElec rN+++ Regen+
                  | Str-2}
 37969 | D:12     | Identified the ring "Vixkil" {Str+3 Slay+4}
 37972 | D:12     | Reached XP level 16. HP: 127/134 MP: 20/25
 38041 | D:12     | Identified the ring of Noegh {rPois rN++ rCorr MP-9 Dex+6}
 38456 | D:12     | Identified the ring of Suspicion {rF+ Int+6 Slay+3}
 38686 | Orc:2    | Bought the amulet of Vitality {RegenMP++ Regen++} for 1200
                  | gold pieces
 38686 | Orc:2    | Found the amulet of Vitality {RegenMP++ Regen++}
 38942 | D:13     | Received a gift from Nemelex Xobeh
 38966 | D:13     | Found a gate to the Vaults.
 39056 | D:13     | Identified the +2 troll leather armour of Baalunn {Will+
                  | Regen+}
 39349 | D:13     | Identified the +9 spear "Teick" {flame, rElec Int+4}
 39769 | D:14     | Received a gift from Nemelex Xobeh
 39927 | D:14     | Reached ****** piety under Nemelex Xobeh
 40235 | D:14     | Received a gift from Nemelex Xobeh
 40803 | D:15     | Entered Level 15 of the Dungeon
 41035 | D:15     | Received a gift from Nemelex Xobeh
 41060 | D:15     | Noticed Roxanne
 41247 | D:15     | Found a staircase to the Depths.
 41588 | D:15     | Reached skill level 15 in Fire Magic
 41712 | D:15     | Received a gift from Nemelex Xobeh
 41878 | D:15     | Killed Roxanne
 42093 | D:6      | Killed Dordric's ghost
 42200 | Lair:2   | Killed Elucviw's ghost
 42536 | Orc:1    | Identified the granite talisman of Ciob {Int+2 Dex+3}
 42745 | Shoals:1 | Entered Level 1 of the Shoals
 42907 | Shoals:1 | Noticed Donald
 42933 | Shoals:1 | Killed Donald
 43155 | Shoals:1 | Reached XP level 17. HP: 50/140 MP: 27/27
 43247 | Shoals:1 | Found Ivveog's Distillery.
 43259 | Shoals:1 | Received a gift from Nemelex Xobeh
 43971 | D:8      | Bought the +5 ring mail of the Blizzard {Drain Regen+ rCorr
                  | SInv} for 522 gold pieces
 44091 | Shoals:2 | Received a gift from Nemelex Xobeh
 44263 | Shoals:2 | Received a gift from Nemelex Xobeh
 44392 | Shoals:2 | Identified the +4 whip of Cocytus {pain, rCorr Dex+4 SInv}
 44823 | Shoals:3 | Noticed Kirke
 45133 | Shoals:2 | Killed Kirke
 45176 | Shoals:3 | Identified the +6 dagger of Ash {heavy, rF++ Dex-3}
 45200 | Shoals:3 | Identified the +3 flail "Raotukhle" {flame, rElec rPois
                  | rN+}
 45283 | Shoals:3 | Received a gift from Nemelex Xobeh
 45606 | Shoals:3 | Reached skill level 15 in Invocations
 45820 | Shoals:3 | Received a gift from Nemelex Xobeh
 46234 | Shoals:3 | Identified the +2 animal skin of Anecrot {-Cast Rampage rC+
                  | Str+3}
 46254 | Shoals:4 | Entered Level 4 of the Shoals
 46270 | Shoals:4 | Noticed Ilsuiw
 46657 | Shoals:4 | Received a gift from Nemelex Xobeh
 46723 | Shoals:4 | Paralysed by a formless jellyfish for 1 turns
 47431 | Shoals:4 | Reached XP level 18. HP: 101/147 MP: 21/29
 48287 | Shoals:4 | Paralysed by a formless jellyfish for 1 turns
 48395 | Shoals:4 | Received a gift from Nemelex Xobeh
 48432 | Shoals:4 | Killed Ilsuiw
 48689 | Shoals:4 | Got a barnacled rune of Zot
 49239 | Elf:1    | Entered Level 1 of the Elven Halls
 49333 | Elf:1    | Identified the +1 war axe "Goachipp" {flame, Int+8}
 49551 | Elf:1    | Acquired the ring of Xom's Flight of Fancy {rF+ rC++ Dex+2}
 49746 | Elf:1    | Received a gift from Nemelex Xobeh
 49947 | Elf:1    | Reached skill level 1 in Air Magic
 50378 | Elf:2    | Received a gift from Nemelex Xobeh
 50422 | Elf:2    | Noticed Zenata
 50559 | Elf:2    | Found a shimmering blue altar of Sif Muna.
 50768 | Elf:2    | Zenata changed into Zenata the dire elephant
 50768 | Elf:2    | Noticed Zenata
 50776 | Elf:2    | Killed Zenata the dire elephant
 50868 | Elf:2    | Found a runed translucent gate.
 50869 | Elf:2    | Found a runed translucent gate.
 50869 | Elf:2    | Found a runed translucent gate.
 50965 | Elf:2    | Identified the +6 kite shield of the Shining Light {rPois
                  | rN+++ Int-5 SInv}
 51172 | Elf:2    | Received a gift from Nemelex Xobeh
 51393 | Elf:2    | Reached XP level 19. HP: 96/154 MP: 19/30
 51435 | Elf:2    | Received a gift from Nemelex Xobeh
 51729 | Elf:3    | Entered Level 3 of the Elven Halls
 52174 | Elf:3    | Received a gift from Nemelex Xobeh
 52596 | Elf:3    | Learned a level 4 spell: Brom's Barrelling Boulder
 52904 | Elf:3    | Noticed a Hell Sentinel
 53256 | Elf:3    | Identified the +4 halberd of Popular Demand {heavy, rPois}
 53359 | Elf:3    | Identified the +7 rapier "Bishra" {heavy, *Noise rF+ Int-3
                  | Dex+6}
 53419 | Elf:3    | Identified the ring of the Thieving Pariah {rF+ Int+3 SInv}
 53456 | Elf:3    | Reached skill level 10 in Armour
 53513 | Elf:3    | Identified the +1 robe "Vowkyneo" {Int+6}
 53513 | Elf:3    | Identified the amulet "Geppiuts" {Faith rPois rC+ rN+ Str-4
                  | Slay+2}
 53932 | Elf:3    | Found the +10 morningstar "Eos" {elec, Halo rElec}
 54022 | Elf:3    | Identified the +1 scale mail "Sokuwneo" {+Inv rF- rCorr
                  | Int+4}
 54048 | Elf:3    | Identified the ring of the Vendetta {+Blink rPois rN+ Dex+4
                  | SInv}
 54053 | Elf:3    | Upgraded the game from 0.31-a0-1071-gaead2f62b1 to
                  | 0.31-a0-1074-g0b22e4e0f1
 54325 | Snake:1  | Entered Level 1 of the Snake Pit
 54420 | Snake:1  | Received a gift from Nemelex Xobeh
 54892 | Snake:1  | Found Soifrir's Antique Weapon Shoppe.
 55100 | Snake:1  | Received a gift from Nemelex Xobeh
 55226 | Snake:1  | Reached XP level 20. HP: 137/161 MP: 1/32
 56317 | Snake:2  | Received a gift from Nemelex Xobeh
 57312 | Snake:3  | Identified the +10 dagger of Qamoybeh {distort, rElec rC-
                  | Str+2}
 57566 | Snake:3  | Found an iron altar of Okawaru.
 57571 | Snake:3  | Noticed Jorgrun
 57588 | Snake:3  | Killed Jorgrun
 58033 | Snake:3  | Noticed Asterion
 58056 | Snake:3  | Killed Asterion
 58127 | Snake:3  | Received a gift from Nemelex Xobeh
 58410 | Snake:3  | Found a large runed translucent door.
 58411 | Snake:3  | Found a large runed translucent door.
 58414 | Snake:3  | Received a gift from Nemelex Xobeh
 58414 | Snake:3  | Noticed Jewealli's ghost (adept HOFi)
 58740 | Snake:4  | Entered Level 4 of the Snake Pit
 58740 | Snake:4  | Identified the serpent talisman of Ennui {*Slow rElec
                  | Stlth+}
 58740 | Snake:4  | Noticed Aizul
 58756 | Snake:3  | Killed Aizul
 58971 | Snake:4  | Learned a level 6 spell: Starburst
 59138 | Snake:4  | Received a gift from Nemelex Xobeh
 59960 | Snake:4  | Reached skill level 5 in Air Magic
 60051 | Snake:4  | Reached XP level 21. HP: 140/168 MP: 4/34
 60232 | Snake:4  | Noticed Vashnia
 60255 | Snake:4  | Killed Vashnia
 60256 | Snake:4  | Reached skill level 10 in Dodging
 60304 | Snake:4  | Received a gift from Nemelex Xobeh
 60381 | Snake:4  | Got a serpentine rune of Zot
 60671 | Vaults:1 | Entered Level 1 of the Vaults
 60750 | Vaults:1 | Received a gift from Nemelex Xobeh
 60901 | Vaults:1 | Found Nicvevog's General Store.
 60907 | Vaults:1 | Received a gift from Nemelex Xobeh
 61170 | Vaults:1 | Received a gift from Nemelex Xobeh
 61388 | Vaults:1 | Reached skill level 5 in Evocations
 61870 | Vaults:2 | Received a gift from Nemelex Xobeh
 62279 | Vaults:2 | Reached skill level 15 in Conjurations
 62853 | Vaults:2 | Received a gift from Nemelex Xobeh
 62904 | Vaults:2 | Found a staircase to the Crypt.
 62977 | Vaults:2 | Found Jihoydo's Antique Weapon Shoppe.
 62998 | Vaults:2 | Reached skill level 10 in Spellcasting
 63356 | Vaults:2 | Received a gift from Nemelex Xobeh
 63462 | Vaults:2 | Identified the +2 robe of the Harvest {SInv}
 63520 | Vaults:3 | Reached XP level 22. HP: 127/179 MP: 25/36
 63532 | Vaults:3 | Found Ytoxeycu's Weapon Emporium.
 63636 | Vaults:3 | Found a magical portal.
 63645 | WizLab   | Entered Tukima's Studio
 63814 | WizLab   | Identified the +1 triple crossbow of Plunder {penet, Will-
                  | Int+6}
 63967 | WizLab   | Noticed Lobster4's illusion
 64200 | WizLab   | Noticed Lobster4's illusion
 64211 | WizLab   | Noticed Lobster4's illusion
 64231 | WizLab   | Identified the +2 pair of gloves of Sharp Music {rPois rF-
                  | rC+++ Stlth-}
 64234 | WizLab   | Got the Exposition on Misfortune
 64250 | WizLab   | Got the Octavo of Ensorcelling
 64431 | Vaults:3 | Identified the +0 chain mail of Fuafehigoiss {Int+3}
 64492 | Vaults:3 | Received a gift from Nemelex Xobeh
 64817 | Vaults:3 | Noticed an ancient lich
 64835 | Vaults:3 | Killed an ancient lich
 64840 | Vaults:3 | Identified the staff of Pyc Ukeq {+Blink rPois Str+2 Stlth+
                  | Poison}
 64841 | Vaults:3 | Identified the staff "Punn" {rPois Will- Int+5 Poison}
 64867 | Vaults:3 | Noticed a golden dragon
 64879 | Vaults:3 | Killed a golden dragon
 64885 | Vaults:3 | Identified the +0 ring mail of Elitism {Dex+3 SInv}
 64886 | Vaults:3 | Identified the +0 cloak of Qoagh {rC+}
 65622 | Vaults:4 | Received a gift from Nemelex Xobeh
 66240 | Vaults:4 | Received a gift from Nemelex Xobeh
 66423 | Vaults:4 | Found Naanioro's Jewellery Boutique.
 66763 | Crypt:1  | Entered Level 1 of the Crypt
 66979 | Crypt:1  | Reached XP level 23. HP: 179/185 MP: 35/37
 67051 | Crypt:1  | Received a gift from Nemelex Xobeh
 67355 | Crypt:1  | Noticed Margery
 67401 | Crypt:1  | Killed Margery
 67657 | Crypt:2  | Noticed Bai Suzhen
 67671 | Crypt:2  | Killed Bai Suzhen
 67746 | Crypt:2  | Received a gift from Nemelex Xobeh
 68287 | Crypt:2  | Received a gift from Nemelex Xobeh
 68831 | Crypt:3  | Entered Level 3 of the Crypt
 68837 | Crypt:3  | Noticed Vv
 69154 | Depths:1 | Entered Level 1 of the Depths
 69394 | Depths:1 | Received a gift from Nemelex Xobeh
 69408 | Depths:1 | Found a glowing golden altar of the Shining One.
 69541 | Depths:1 | Noticed Nikola
 69575 | Depths:1 | Killed Nikola
 69648 | Depths:1 | Found a flickering gateway to a bazaar.
 69657 | Bazaar   | Entered a bazaar
 69657 | Bazaar   | Found Xaor's Antique Armour Emporium.
 69657 | Bazaar   | Found Woddac's Distillery.
 69657 | Bazaar   | Received a gift from Nemelex Xobeh
 69675 | Bazaar   | Found Cisoipp's General Store.
 69694 | Bazaar   | Found Ulof's Antique Weapon Shoppe.
 69705 | Bazaar   | Found Muakhigu's Book Boutique.
 69724 | Bazaar   | Bought a potion of might for 48 gold pieces
 69724 | Bazaar   | Bought a potion of haste for 120 gold pieces
 69724 | Bazaar   | Bought a potion of curing for 36 gold pieces
 69724 | Bazaar   | Bought a potion of haste for 120 gold pieces
 69724 | Bazaar   | Bought 2 potions of berserk rage for 120 gold pieces
 69743 | Bazaar   | Bought a potion of lignification for 39 gold pieces
 69781 | Bazaar   | Bought a crude leather armour for 203 gold pieces
 69781 | Bazaar   | Identified the +2 leather armour of Midsummer {rN+} (You
                  | bought it in a shop in a bazaar)
 69790 | Bazaar   | Bought 2 potions of enlightenment for 120 gold pieces
 69790 | Bazaar   | Bought a potion of brilliance for 48 gold pieces
 69790 | Bazaar   | Bought a potion of enlightenment for 60 gold pieces
 69790 | Bazaar   | Bought a potion of brilliance for 48 gold pieces
 69817 | Depths:1 | Noticed Sojobo
 69826 | Depths:1 | Killed Sojobo
 69933 | Depths:1 | Found a gateway to Hell.
 70168 | Depths:1 | Identified the +8 broad axe of Certain Death {speed, *Slow
                  | rF+ rN+++ Int+5}
 70893 | Depths:1 | Learned a level 6 spell: Plasma Beam
 71049 | Depths:1 | Received a gift from Nemelex Xobeh
 71178 | Depths:1 | Found a faded altar of an unknown god.
 71180 | Depths:1 | Found a hazy altar of Hepliaklqana.
 71431 | Depths:2 | Noticed Mara
 71572 | Depths:2 | Received a gift from Nemelex Xobeh
 71710 | Depths:2 | Killed Mara
 71821 | Depths:2 | Reached XP level 24. HP: 198/198 MP: 29/38
 71880 | Depths:2 | Found a one-way gate leading to the halls of Pandemonium.
 72560 | Depths:3 | You fall into a shaft and drop 1 floor!
 72560 | Depths:4 | Entered Level 4 of the Depths
 72560 | Depths:4 | Found a gate to the Realm of Zot.
 72668 | Depths:4 | Identified the +1 robe of Abstinence {rElec Str+2 Stlth-}
 73253 | Depths:4 | Received a gift from Nemelex Xobeh
 73422 | Depths:3 | Reached skill level 10 in Air Magic
 73945 | Depths:3 | Found a corrupted altar of Lugonu.
 73945 | Depths:3 | Found a one-way gate to the infinite horrors of the Abyss.
 74139 | Depths:3 | Identified the +0 leather armour of the Mashing Portals
                  | {rElec rC+ Int-4 SInv}
 74184 | Depths:3 | Received a gift from Nemelex Xobeh
 74376 | Depths:4 | Reached XP level 25. HP: 210/210 MP: 28/38
 74481 | Depths:4 | Found a one-way gateway to a ziggurat.
 74530 | Depths:4 | Found a shimmering blue altar of Sif Muna.
 75503 | Crypt:3  | Reached skill level 27 in Axes
 75693 | Crypt:3  | Received a gift from Nemelex Xobeh
 75831 | Crypt:3  | Identified the +3 demon trident "Ymeshrucs" {vamp, Int+5}
 75844 | Crypt:3  | Found an ancient bone altar of Kikubaaqudgha.
 75844 | Crypt:3  | Found a basalt altar of Yredelemnul.
 76007 | Crypt:3  | Identified the +2 trident of Courage {spect, rPois}
 76044 | Crypt:3  | Killed Vv
 76161 | Crypt:3  | Identified the +2 executioner's axe of Spontaneous
                  | Combustion {heavy, rC+ rN+ Dex-4}
 76603 | Crypt:3  | Got the Incunabulum of the Undead
 76727 | Crypt:3  | Received a gift from Nemelex Xobeh
 76829 | Crypt:3  | Found a staircase to the Tomb.
 76980 | Tomb:1   | Entered Level 1 of the Tomb of the Ancients
 77273 | Tomb:1   | Received a gift from Nemelex Xobeh
 77373 | Tomb:1   | Received a gift from Nemelex Xobeh
 77408 | Tomb:1   | Paralysed by a sphinx for 3 turns
 77466 | Tomb:1   | Noticed a royal mummy
 77476 | Tomb:1   | Identified the +2 trident "Duisiratsi" {elec, rC+ MP+9}
 77484 | Tomb:1   | Killed a royal mummy
 77670 | Tomb:1   | Noticed a royal mummy
 77678 | Tomb:1   | Killed a royal mummy
 78484 | Slime:1  | Entered Level 1 of the Pits of Slime
 78734 | D:11     | Killed Maurice
 78972 | Snake:3  | Killed Jewealli's ghost
 78973 | Snake:3  | Reached skill level 15 in Fighting
 78978 | Snake:3  | Identified the +5 whip of Animal Spirits {venom, rPois rC+
                  | rN+}
 79400 | Vaults:5 | Entered Level 5 of the Vaults
 79419 | Vaults:4 | Reached XP level 26. HP: 111/222 MP: 32/38
 79461 | Vaults:5 | Paralysed by a formless jellyfish for 1 turns
 79464 | Vaults:5 | Paralysed by a formless jellyfish for 1 turns
 79552 | Vaults:5 | Received a gift from Nemelex Xobeh
 79828 | Vaults:5 | Identified the amulet of Ecvoqel {Acrobat rN+ Int+3 Dex-5}
 79923 | Vaults:5 | Identified the +8 falchion "Arbiter" {antimagic, *Noise
                  | rElec rF+ Dex+2}
 80057 | Vaults:5 | Identified the +3 sling "Guewag" {speed, *Slow Will++ MP+9
                  | Stlth-}
 80545 | Vaults:5 | Got Qoluzxij's Elucidation of the Changed Atmosphere
 80831 | Vaults:5 | Received a gift from Nemelex Xobeh
 80940 | Vaults:5 | Identified the staff "Omecuno" {rF+ rCorr Int+4 Dex+2
                  | Earth}
 81059 | Vaults:5 | Got a silver rune of Zot
 81482 | Zot:1    | Entered Level 1 of the Realm of Zot
 81482 | Zot:1    | Noticed an orb of fire
 81482 | Zot:1    | Received a gift from Nemelex Xobeh
 81483 | Zot:1    | Identified the +1 long sword "Givime" {drain, rF+ Str+4}
 81492 | Zot:1    | Gained mutation: Armour fits poorly on your strangely
                  | shaped body. [an orb of fire]
 81498 | Zot:1    | Killed an orb of fire
 81631 | Zot:1    | Noticed an orb of fire
 81657 | Zot:1    | Killed an orb of fire
 82194 | Zot:1    | Reached XP level 27. HP: 237/237 MP: 17/39
 82220 | Zot:1    | Learned a level 5 spell: Fireball
 82464 | Zot:1    | Received a gift from Nemelex Xobeh
 83740 | Zot:2    | Received a gift from Nemelex Xobeh
 84438 | Zot:3    | Noticed Parghit
 84735 | Zot:3    | Noticed an orb of fire
 84794 | Zot:3    | Gained mutation: You occasionally shout uncontrollably at
                  | your foes. [an orb of fire]
 84847 | Zot:3    | Gained mutation: You occasionally lose the ability to drink
                  | potions when taking damage. [an orb of fire]
 84860 | Zot:2    | Gained mutation: Your spells are a little easier to cast,
                  | but a little less powerful. [an orb of fire]
 84862 | Zot:2    | Gained mutation: You sometimes lose the ability to drink
                  | potions when taking damage. [an orb of fire]
 84863 | Zot:2    | Killed an orb of fire
 85762 | Zot:3    | Killed Parghit
 85954 | Zot:3    | Received a gift from Nemelex Xobeh
 86064 | Zot:4    | Noticed an orb of fire
 86071 | Zot:4    | Gained mutation: You are weak. (Str -2) [an orb of fire]
 86077 | Zot:4    | Gained mutation: You are very weak. (Str -4) [an orb of
                  | fire]
 86079 | Zot:4    | Killed an orb of fire
 86902 | Zot:4    | Received a gift from Nemelex Xobeh
 87589 | Zot:5    | Entered Level 5 of the Realm of Zot
 88258 | Zot:5    | Identified the amulet "Deririt" {Spirit Stlth+}
 88350 | Zot:5    | Noticed a dread lich
 88353 | Zot:5    | Paralysed by a dread lich for 4 turns
 88361 | Zot:5    | Killed a dread lich
 88598 | Zot:5    | Noticed an orb of fire
 89817 | Orc:2    | Bought a scroll of noise for 13 gold pieces
 91224 | Zot:5    | Gained mutation: You are clumsy. (Dex -2) [an orb of fire]
 91232 | Zot:5    | Gained mutation: You are dopey. (Int -2) [an orb of fire]
 91233 | Zot:5    | Gained mutation: Your spells are easier to cast, but less
                  | powerful. [an orb of fire]
 91240 | Zot:5    | Killed an orb of fire
 91313 | Zot:5    | Noticed an orb of fire
 91321 | Zot:5    | Gained mutation: Your spells are much easier to cast, but
                  | much less powerful. [an orb of fire]
 91329 | Zot:5    | Gained mutation: Your flesh is cold resistant. (rC+) [an
                  | orb of fire]
 91330 | Zot:5    | Gained mutation: Your body sometimes deteriorates upon
                  | taking damage. [an orb of fire]
 91336 | Zot:5    | Gained mutation: You are frail. (-10% HP) [an orb of fire]
 91344 | Zot:5    | Gained mutation: Your body often deteriorates upon taking
                  | damage. [an orb of fire]
 91346 | Zot:5    | Killed an orb of fire
 91604 | Zot:5    | Noticed an orb of fire
 92133 | Zot:5    | Noticed an ancient lich
 92162 | Zot:5    | Killed an ancient lich
 92276 | Zot:5    | Noticed an orb of fire
 92367 | Zot:5    | Gained mutation: You sometimes lose your temper in combat.
                  | [an orb of fire]
 92378 | Zot:5    | Gained mutation: You have hidden genetic defects. [an orb
                  | of fire]
 92382 | Zot:5    | Killed an orb of fire
 92840 | Orc:2    | Bought a potion of resistance for 140 gold pieces
 92840 | Orc:2    | Bought a potion of berserk rage for 70 gold pieces
 93061 | Shoals:1 | Bought 2 potions of curing for 96 gold pieces
 93061 | Shoals:1 | Bought a potion of brilliance for 64 gold pieces
 93061 | Shoals:1 | Bought a potion of might for 64 gold pieces
 93061 | Shoals:1 | Bought a potion of haste for 160 gold pieces
 93061 | Shoals:1 | Bought 2 potions of haste for 320 gold pieces
 93281 | Orc:2    | Bought a scroll of revelation for 97 gold pieces
 93281 | Orc:2    | Bought a scroll of teleportation for 39 gold pieces
 93739 | Zot:5    | Gained mutation: You are very clumsy. (Dex -4) [an orb of
                  | fire]
 93756 | Zot:5    | Gained mutation: You have an uncontrollable temper. [an orb
                  | of fire]
 93770 | Zot:5    | Killed an orb of fire
 94219 | Zot:5    | Noticed an ancient lich
 94231 | Zot:5    | Killed an ancient lich
 94232 | Zot:5    | Noticed an orb of fire
 94237 | Zot:5    | Gained mutation: Your magical capacity is low. (-10% MP)
                  | [an orb of fire]
 94254 | Zot:5    | Killed an orb of fire
 94557 | Zot:5    | Noticed a dread lich
 94564 | Zot:5    | Killed a dread lich
 94626 | Zot:5    | Noticed an orb of fire
 94636 | Zot:5    | Gained mutation: You are very frail. (-20% HP) [an orb of
                  | fire]
 94651 | Zot:5    | Killed an orb of fire
 94877 | Zot:5    | Noticed an orb of fire
 94894 | Zot:5    | Identified the -1 trident of a sewer {venom, rPois SInv
                  | Stlth+}
 94900 | Zot:5    | HP: 3/200 [Killer Klown/+12 club (16)]
 94939 | Zot:5    | Gained mutation: Your magical capacity is very low. (-20%
                  | MP) [hidden defects]
 95172 | Zot:5    | Received a gift from Nemelex Xobeh
 95212 | Zot:5    | Noticed an orb of fire
 95228 | Zot:5    | Gained mutation: Potions are less effective at restoring
                  | your health. [an orb of fire]
 95344 | Zot:5    | Gained mutation: Your magical capacity is extremely low.
                  | (-30% MP) [an orb of fire]
 95346 | Zot:5    | Killed an orb of fire
 95502 | Zot:5    | Killed an orb of fire
 95562 | Zot:5    | Reached skill level 27 in Fire Magic
 95854 | Zot:5    | Lost mutation: You have an uncontrollable temper. [potion
                  | of mutation]
 95854 | Zot:5    | Lost mutation: You are very frail. (-20% HP) [potion of
                  | mutation]
 95855 | Zot:5    | Lost mutation: You have hidden genetic defects. [potion of
                  | mutation]
 95855 | Zot:5    | Lost mutation: Armour fits poorly on your strangely shaped
                  | body. [potion of mutation]
 95855 | Zot:5    | Lost mutation: You are dopey. (Int -2) [potion of mutation]
 95855 | Zot:5    | Lost mutation: You are very clumsy. (Dex -4) [potion of
                  | mutation]
 95855 | Zot:5    | Gained mutation: You have a pair of small antennae on your
                  | head. [potion of mutation]
 95856 | Zot:5    | Lost mutation: You have a pair of small antennae on your
                  | head. [potion of mutation]
 95856 | Zot:5    | Lost mutation: You are clumsy. (Dex -2) [potion of
                  | mutation]
 95856 | Zot:5    | Lost mutation: You occasionally shout uncontrollably at
                  | your foes. [potion of mutation]
 95856 | Zot:5    | Lost mutation: You are very weak. (Str -4) [potion of
                  | mutation]
 95857 | Zot:5    | Lost mutation: Your flesh is cold resistant. (rC+) [potion
                  | of mutation]
 95857 | Zot:5    | Lost mutation: You are frail. (-10% HP) [potion of
                  | mutation]
 95857 | Zot:5    | Lost mutation: Potions are less effective at restoring your
                  | health. [potion of mutation]
 95857 | Zot:5    | Lost mutation: Your body often deteriorates upon taking
                  | damage. [potion of mutation]
 95857 | Zot:5    | Gained mutation: A frigid envelope surrounds you and
                  | freezes all who hurt you. [potion of mutation]
 95912 | Zot:5    | Got the Orb of Zot
 95919 | Zot:5    | Noticed Mag Leph the pandemonium lord
 96084 | Depths:4 | Gained mutation: Armour fits poorly on your strangely
                  | shaped body. [a cacodemon]
 96297 | D:12     | Noticed Ruuzil the pandemonium lord
 96541 | D:$      | Escaped with the Orb!

Illustrated notes

Levels and vault maps discovered:
D:1:      psy_arrival_fountain, layout_loops_ring, roderic_roman_lattice
D:2:      cheibrodos_helix_gallery, layout_basic, basic_altar,
          uniq_crazy_yiuf_cottage, uniq_natasha
D:3:      layout_loops_cross
D:4:      layout_loops_ring, nicolae_xom_altar_mimics, ashenzari_altar_1,
          mainiacjoe_overflow_catwalk_spiral, kennysheep_dice
D:5:      layout_loops_ring, chequers_serial_rivers_room_a, nicolae_hexahallways
D:6:      layout_rooms, lemuel_tele_altar, minmay_temple_entry_antechambers,
          gammafunk_ghost_grave, uniq_edmund, uniq_eustachio
D:7:      cheibrodos_steamvent, layout_cave_pools, mainiacjoe_overflow_catwalk,
          nicolae_ossuary_entry_monument, hangedman_decor_peaks_small,
          minmay_fractal_squares_gapless_5, uniq_pikel
D:8:      layout_basic, serial_shops, nicolae_shop_mannequins,
          nicolae_shop_scrapyard, nicolae_kite_square_tiling_tiny,
          minmay_pinched_square
D:9:      layout_big_octagon, old_standard_altar, nicolae_ru_path_of_blood,
          mainiacjoe_overflow_concentric_impassable, slow_altar_1,
          david_lair_shrubbed, orc_0_dummy, minmay_microvault, uniq_erica,
          uniq_grum
D:10:     layout_irregular_city, nicolae_guarded_unrand_lochaber
D:11:     layout_loops_cross, nicolae_diode_intersection, uniq_josephine,
          uniq_urug, uniq_maurice, uniq_snorg
D:12:     minmay_the_grid_triangle_9x9_line_8_mashed
          [minmay_the_grid_triangle_9x9_skeleton,
          minmay_the_grid_triangle_9x9_checkered,
          minmay_the_grid_triangle_9x9_shrine,
          minmay_the_grid_triangle_9x9_descending_squares,
          minmay_the_grid_triangle_9x9_thin_v,
          minmay_the_grid_triangle_9x9_stretched_checkered,
          minmay_the_grid_triangle_9x9_impossible_snake,
          minmay_the_grid_triangle_9x9_prize_special], layout_stronghold,
          serial_column_ruins, column_ruins_open_small,
          column_ruins_corridor_dead_end, column_ruins_open_medium
D:13:     layout_stronghold, hellmonk_vaults_order_and_chaos
D:14:     layout_roguey, nicolae_burly_brawl
D:15:     gammafunk_depths_entry_grave, layout_irregular_city,
          hangedman_abyss_or_decor_lesser_grid, columned_hall_lemuel,
          uniq_roxanne
Temple:   hellmonk_temple_two_chambers
Lair:1:   layout_cave_pods, minivault_11, beast_lair_carwin_6
Lair:2:   layout_loops_ring, minmay_snake_entry_six_corridors,
          gammafunk_ghost_grave, minivault_25, infiniplex_staircase_pool_2
Lair:3:   layout_small_grid, minmay_shoals_entry_hut, basic_altar,
          infiniplex_staircase_pool
Lair:4:   layout_loops_ring, portal_ice_cave_demonic_guard, serial_bayou_shore_a
Lair:5:   grunt_lair_end_beastmaster, layout_long_grid, dpeg_slime_entry_corner,
          serial_bayou_shore_b
Shoals:1: layout_shoals, serial_shops, shop, yaktaur_hedge, uniq_donald
Shoals:2: layout_shoals
Shoals:3: argonaut_golden_fleece, layout_shoals, uniq_kirke
Shoals:4: shoals_end_grunt_ice, layout_shoals, shoals_ilsuiw_ice,
          nicolae_shoals_spectral_cove
Snake:1:  layout_chambers, serial_shops, nicolae_shop_hallway_stairs,
          grunt_megastairs_2, serial_bayou_shore_b
Snake:2:  layout_chambers
Snake:3:  layout_onion, basic_altar, ebering_ghost_disaster_area,
          nicolae_snake_snake_lake, uniq_asterion, uniq_jorgrun
Snake:4:  grunt_snake_rune_serpentine_throne, layout_onion, uniq_aizul
Slime:1:  layout_caves
Orc:1:    lemuel_ogre_cave, layout_caves, serial_shops, shop
Orc:2:    st_orc_mages, layout_diamond_mine
Elf:1:    layout_loops_corners, minmay_elf_crystal_heptagon
Elf:2:    nicolae_elf_blades_crystal_corner, layout_loops_ring, basic_altar,
          uniq_zenata
Elf:3:    minmay_elf_hall_dome, layout_geoelf_diagonals,
          nicolae_elf_martial_mastery
Vaults:1: nicolae_vaults_more_shelving_2, v_misc_19, nicolae_vaults_trapezoid_3,
          nicolae_vaults_hexular_roomagon, nicolae_vaults_diagonal_hallway_9,
          hangedman_vaults_locks, nicolae_vaults_trapezoid_lopsided_1,
          vaults_room_hangedman_quadrants, nicolae_vaults_network_s,
          layout_vaults_big_room, serial_shops, nicolae_shop_waterfront
Vaults:2: minmay_crypt_entry_simple_round, nicolae_vaults_heist, v_pattern_2,
          vaults_room_door_ring, nicolae_vaults_storage_closets_2, v_misc_14,
          nicolae_vaults_closet_pinwheel_1, nicolae_vaults_tetromino_L_1,
          hangedman_vaults_cutoff, hangedman_vaults_stretched_pinwheel,
          v_misc_32, nicolae_vaults_trapezoid_layered, layout_vaults_big_cross,
          serial_shops, shop
Vaults:3: mu_enter_wizlab_5, nicolae_vaults_weapon_check,
          nicolae_vaults_mini_display_case,
          nicolae_vaults_storing_the_good_stuff, vaults_room_fours, v_pattern_1,
          v_misc_31, nicolae_vaults_trapezoid_lopsided_4,
          vaults_dpeg_encased_lava, nicolae_vaults_house_3,
          nicolae_vaults_circle_grid_a, layout_vaults_omnibox, serial_shops,
          nicolae_shop_behind_doors
Vaults:4: vaults_room_corners, v_misc_5, v_misc_4, nicolae_vaults_stepped_doors,
          vaults_room_stairs_pillars, vaults_mumra_hexcomb,
          nicolae_vaults_prndl, nicolae_vaults_house_2,
          vaults_room_stairs_pillars, layout_vaults_omnigrid, serial_shops, shop
Vaults:5
Crypt:1:  layout_rooms, uniq_margery
Crypt:2:  layout_basic, nicolae_crypt_cryptocurrency, lemuel_elevator,
          uniq_bai_suzhen
Crypt:3:  lightli_unholy_cathedral, layout_chaotic_city,
          nicolae_tomb_entry_grand_gallery, amcnicky_mini_pool_small, uniq_vv
Tomb:1
Depths:1: layout_gridlike, hellmouth_3, serial_shops, freezing_bzr, tso_altar,
          serial_sigils_hangedman_stare, beargit_hepliaklqana_dungeon_heroes,
          uniq_sojobo, uniq_nikola
Depths:2: nicolae_cairo_tiling, layout_gridville, pf_hell_entry_great_geh,
          grunt_pan_entry_in_and_out, uniq_mara
Depths:3: nzn_winding_woodlands_small [nzn_winding_woodlands_5x15_zeroes,
          nzn_winding_woodlands_center_garden,
          nzn_winding_woodlands_5x15_longhouse], layout_honeycomb, serial_glass,
          glass_columns_a, glass_columns_b, feat_on_display, feat_on_display,
          abyss_entry_flame_altar, hangedman_decor_clover_reticule, hell_entry,
          infiniplex_staircase_zigzag_5
Depths:4: lemuel_castle_with_subvaults [lemuel_castle_interior_carwin_3],
          layout_long_grid, enter_ziggurat_e, hangedman_coc_ice_floe,
          rand_demon_pan_entry_1, nicolae_sif_muna_little_library
Zot:1:    layout_gridlike
Zot:2:    regret_index_malice_mire, layout_basic
Zot:3:    layout_misc_corridors, hangedman_zot_decor_slant, drop_trap,
          uniq_parghit
Zot:4:    layout_basic, hellmonk_greenhouse_of_terror
Zot:5:    layout_gridlike

Skill      XL: |  1  2  3  4  5  6  7  8  9 10 11 12 13 14 15 16 17 18 19 20 21 22 23 24 25 26 27 |
---------------+----------------------------------------------------------------------------------+-----
Armour         | 1 2 5 6 8 10 12 | 12.0
Fighting       | 1 2 3 5 6 8 9 10 11 12 14 15 17 22 | 22.4
Dodging        | 2 3 5 6 7 9 10 11 12 | 12.0
Axes           | 1 2 3 4 6 7 8 10 11 13 15 16 20 21 22 23 24 25 26 27 | 27.0
Spellcasting   | 2 3 5 6 7 8 9 10 11 12 | 12.0
Conjurations   | 2 3 4 5 6 7 8 9 10 11 13 14 15 | 15.0
Evocations     | 1 2 3 4 5 |  5.0
Fire Magic     | 4 5 6 8 9 11 13 14 15 16 17 19 20 22 23 24 27 | 27.0
Earth Magic    | 2 3 4 5 6 |  6.0
Invocations    | 4 6 8 9 10 11 13 15 16 17 20 | 20.0
Transmutations | 1 |  1.0
Shields        | 4 5 7 |  7.0
Air Magic      | 2 3 5 6 8 10 11 12 | 12.0
Stealth        | |  1.5

Action                     |  1- 3 |  4- 6 |  7- 9 | 10-12 | 13-15 | 16-18 | 19-21 | 22-24 | 25-27 || total
---------------------------+-------+-------+-------+-------+-------+-------+-------+-------+-------++-------
  Melee: Unarmed           |     2 |       |       |       |       |       |       |       |     7 ||     9
         Short sword       |     6 |       |       |       |       |       |       |       |       ||     6
         Hand axe          |     5 |    25 |    18 |    84 |   202 |   112 |       |       |       ||   446
         Punch             |       |       |       |     1 |     1 |       |       |       |       ||     2
         Flail             |       |       |       |       |       |    24 |   140 |       |       ||   164
         Broad axe         |       |       |       |       |       |       |   400 |   868 |  1055 ||  2323
  Throw: Dart              |     2 |       |       |     2 |       |       |       |       |       ||     4
   Cast: Foxfire           |    70 |    49 |   109 |   480 |   746 |   572 |   184 |    57 |     4 ||  2271
         Scorch            |       |    44 |   125 |   313 |   491 |   443 |    72 |    39 |     3 ||  1530
         Sandblast         |       |       |     1 |     6 |     8 |    23 |     6 |     3 |       ||    47
         Flame Wave        |       |       |       |    28 |    46 |    46 |    21 |    15 |     1 ||   157
         Stone Arrow       |       |       |       |    11 |    73 |   382 |   728 |   451 |    58 ||  1703
         Sticky Flame      |       |       |       |       |    97 |    88 |   110 |   114 |    17 ||   426
         Brom's Barrelling |       |       |       |       |       |       |    78 |     5 |     2 ||    85
         Starburst         |       |       |       |       |       |       |    24 |    58 |    37 ||   119
         Plasma Beam       |       |       |       |       |       |       |       |   119 |   666 ||   785
 Invoke: Draw Destruction  |       |       |       |     5 |    18 |    33 |    46 |    56 |    37 ||   195
         Draw Summoning    |       |       |       |       |     6 |    19 |     9 |    12 |    24 ||    70
         Draw Escape       |       |       |       |       |     4 |     1 |     3 |     4 |     3 ||    15
  Evoke: Wand              |     1 |       |     5 |    11 |     2 |     2 |     3 |       |     9 ||    33
         Phial of floods   |       |       |       |     1 |     1 |       |       |       |       ||     2
         Phantom mirror    |       |       |       |       |       |       |       |       |     1 ||     1
    Use: Scroll            |       |     4 |     6 |     9 |    15 |    10 |    13 |     4 |    22 ||    83
         Potion            |       |     2 |     1 |     2 |     8 |     2 |     3 |     8 |    39 ||    65
   Stab: Sleeping          |       |       |       |       |     2 |       |     1 |       |       ||     3
         Distracted        |       |       |       |       |     1 |       |     1 |     3 |     4 ||     9
         Petrified         |       |       |       |       |       |       |       |     3 |       ||     3
 Armour: Robe              |    13 |    44 |    68 |    31 |     3 |       |       |       |       ||   159
         Steam dragon scal |       |       |       |   233 |   376 |       |       |       |       ||   609
         Skin              |       |       |       |       |     4 |       |       |       |    15 ||    19
         Leather armour    |       |       |       |       |    64 |       |       |       |       ||    64
         Acid dragon scale |       |       |       |       |    34 |   243 |       |       |       ||   277
         Ring mail         |       |       |       |       |       |   638 |   886 |   980 |  1230 ||  3734
  Dodge: Dodged            |    23 |    30 |    51 |   257 |   430 |   358 |   551 |   407 |   492 ||  2599
  Block: Other             |       |       |       |    16 |       |       |       |       |       ||    16
         Buckler           |       |       |       |       |   124 |   155 |   231 |    25 |       ||   535
         Kite shield       |       |       |       |       |       |       |       |   608 |   654 ||  1262

Table legend: (Time is in decaauts)
 A = Elapsed time spent in this place.
 B = Non-inter-level travel time spent in this place.
 C = Inter-level travel time spent in this place.
 D = Time resting spent in this place.
 E = Time spent auto-exploring this place.
 F = Levels seen in this place.
 G = Mean time per level.
                   A        B        C        D        E       F      G
               +--------+--------+--------+--------+--------+-----+--------+
         Total |  96430 |  81048 |  15382 |  16876 |  40154 |  56 | 1722.0 |
       Dungeon |  29520 |  23410 |   6110 |   5625 |  13045 |  15 | 1968.0 |
        Temple |     18 |     10 |      8 |      0 |      0 |   1 |   18.0 |
          Lair |  10935 |   9073 |   1862 |   2433 |   4389 |   5 | 2187.0 |
        Shoals |   6304 |   5484 |    820 |   1156 |   2418 |   4 | 1576.0 |
     Snake Pit |   6613 |   5808 |    805 |    408 |   3705 |   4 | 1653.2 |
    Slime Pits |      1 |      1 |      0 |      0 |      0 |   1 |    1.0 |
  Orcish Mines |   5829 |   4551 |   1278 |   2064 |   1218 |   2 | 2914.5 |
   Elven Halls |   4950 |   4628 |    322 |    414 |   2075 |   3 | 1650.0 |
        Vaults |   8131 |   6829 |   1302 |    869 |   3559 |   5 | 1626.2 |
         Crypt |   3786 |   3308 |    478 |    174 |   1899 |   3 | 1262.0 |
          Tomb |   1096 |    923 |    173 |    131 |    372 |   1 | 1096.0 |
        Depths |   6097 |   4806 |   1291 |    236 |   2700 |   4 | 1524.2 |
           Zot |  10548 |   9620 |    928 |   2294 |   4418 |   5 | 2109.6 |
        Bazaar |    144 |    144 |      0 |      0 |     51 |   1 |  144.0 |
      Ice Cave |   1823 |   1823 |      0 |    884 |    303 |   1 | 1823.0 |
        Wizlab |    629 |    629 |      0 |    185 |      0 |   1 |  629.0 |
               +--------+--------+--------+--------+--------+-----+--------+

Top non-repeatable levels by time:
   Zot:5: 4763 daAuts
   Orc:2: 4175 daAuts
     D:8: 3452 daAuts
     D:9: 2947 daAuts
    D:12: 2874 daAuts
  Lair:2: 2684 daAuts
     D:5: 2507 daAuts
  Lair:5: 2447 daAuts
   Elf:3: 2413 daAuts
  Lair:3: 2344 daAuts
     D:2: 2254 daAuts
Vaults:2: 2117 daAuts
    D:10: 2054 daAuts
Depths:4: 1993 daAuts
Shoals:4: 1983 daAuts
